AoeStats
← Navix de los Bosques de Lituania

MegaRandom

508345429Analyzed
2v2 RM · 8d ago on Sep 22, 2026· 60m 12s· 4 players
Game mode
Random Map
Map size
Medium (4 player)
Population
200
Speed
Normal
Resources
Standard
Victory
Conquest
Starting age
Dark Age
Ending age
Imperial Age
RankedLock teamsTeams togetherTeam positionsShared explorationLock speedFull tech treeHidden civsTurbo modeCheats
Victory
Defeat
733
+18
🇦🇺 Bohemians · Australia
729
+18
🇦🇷 Wu · Argentina
777
-19
🇦🇷 Mongols · Argentina
761
-17
Navix de los Bosques de Lituania
6:42 Loom
11:27 Feudal Age
11:28 Man-at-Arms
11:53 Arson
12:46 Long Swordsman
14:12 Scale Mail Armor
16:20 Forging
40:37 Castle Age
39:23 Double-Bit Axe
39:28 Gold Mining
40:44 Two-Handed Swordsman
41:26 Squires
42:15 Gambesons
43:38 Horse Collar
44:42 Chain Mail Armor
51:56 Iron Casting
58:57 Padded Archer Armor
58:47 Fletching
THENEYK
8:02 Loom
11:39 Feudal Age
12:19 Double-Bit Axe
17:12 Castle Age
17:09 Town Watch
25:05 Chemistry
27:53 Husbandry
34:20 Wheelbarrow
34:33 Wagenburg Tactics
36:59 Town Patrol
41:24 Ballistics
43:59 Imperial Age
44:21 Elite Hussite Wagon
ViejitaX
1:11 Loom
9:20 Feudal Age
14:54 Fletching
24:12 Double-Bit Axe
36:37 Castle Age
37:54 Bodkin Arrow
39:11 Gold Mining
41:38 Stone Mining
49:06 Ballistics
52:51 Nomads
58:12 Imperial Age
56:23 Gold Shaft Mining
56:01 Bow Saw
59:28 Conscription
59:36 Conscription
NKPIN
0:26 Loom
11:46 Feudal Age
19:25 Castle Age
18:38 Stone Mining
18:42 Gold Mining
18:44 Fletching
19:12 Double-Bit Axe
20:45 Padded Archer Armor
20:31 Horse Collar
20:37 Fishing Lines
27:45 Gold Shaft Mining
28:09 Ballistics
27:54 Gillnets
28:31 Bow Saw
33:43 Wheelbarrow
35:06 Heavy Plow
39:22 Imperial Age
41:54 Conscription
43:06 Chemistry
44:39 Bodkin Arrow
45:00 Leather Archer Armor
45:17 Hand Cart
47:49 Elite Fire Archer
55:45 Onager
Connection lost

Rejoining the realm…

Still unreachable

The connection could not be restored.

Session expired

The server has moved on; the page needs a fresh start.